 Dungeon Crawl Stone Soup version 0.30-a0-118-ga018f8e90f (webtiles) character file.

Game seed: 3002569872252539998

37075 NinjaNoafa the Covert (level 13, -1/95 HPs)
             Began as a Gnoll Monk on Sept 13, 2022.
             Was a High Priest of Hepliaklqana.
             Slain by a yak (8 damage)
             ... on level 3 of the Lair of Beasts on Sept 14, 2022.
             The game lasted 00:59:41 (19525 turns).

NinjaNoafa the Covert (Gnoll Monk)                 Turns: 19525, Time: 00:59:42

Health: -1/95      AC: 12    Str: 11    XL:     13   Next: 94%
Magic:  31/35      EV:  9    Int: 18    God:    Hepliaklqana [*****.]
Gold:   284        SH: 17    Dex: 18    Spells: 6/30 levels left

rFire   . . .      SeeInvis .    a - +7 dagger "Lirr" {chaos, Int+7}
rCold   + . .      Faith    .    p - +0 kite shield {rC+}
rNeg    + . .      Spirit   .    B - +0 robe {Archmagi}
rPois   +          Reflect  +    D - +1 helmet of Gozag's Regard {Fly rPois}
rElec   .          Harm     .    w - +2 cloak {rCorr}
rCorr   +          Rampage  .    L - +1 pair of gloves
Will    .....      Archmagi +    R - +0 pair of boots
Stlth   +++++.....               u - amulet of reflection
HPRegen 0.25/turn                F - ring of positive energy
MPRegen 0.24/turn                C - ring of magical power

@: petrifying, flying, studying Stealth, very slow
A: reduced essence, fangs 1, strong nose, distributed training
a: Renounce Religion, Recall Ancestor, Ancestor Identity, Transference, Idealise


You were on level 3 of the Lair of Beasts.
You worshipped Hepliaklqana.
Hepliaklqana was extremely pleased with you.
You visited 3 branches of the dungeon, and saw 16 of its levels.
You also visited: Bailey and Ice Cave.

You collected 1092 gold pieces.
You spent 808 gold pieces at shops.

Inventory:

Hand Weapons
 a - the +7 dagger "Lirr" (weapon) {chaos, Int+7}
   (You found it on level 3 of the Dungeon)

   Each time it hits an enemy it has a different, random effect.
   Int:       It affects your intelligence (+7).
Missiles
 d - 129 stones
 f - 10 poisoned darts
 h - 3 boomerangs of dispersal
 j - 7 boomerangs
 H - 4 curare-tipped darts
 I - a throwing net
Armour
 p - a +0 kite shield of cold resistance (worn)
 w - a +2 cloak of preservation (worn)
 B - a +0 robe of the Archmagi (worn)
 D - the +1 helmet of Gozag's Regard (worn) {Fly rPois}
   (You bought it in a shop on level 3 of the Dungeon)

   rPois:     It protects you from poison.
   Fly:       It grants you flight.
 L - a +1 pair of gloves (worn)
 R - a +0 pair of boots (worn)
Jewellery
 u - an amulet of reflection (around neck)
 C - a ring of magical power (right hand)
 F - a ring of positive energy (left hand)
Wands
 i - a wand of roots (12)
 l - a wand of flame (21)
 x - a wand of paralysis (10)
Scrolls
 e - 5 scrolls of teleportation
 g - a scroll of torment
 m - 5 scrolls of butterflies
 o - a scroll of fear
 q - 3 scrolls of poison
 r - 5 scrolls of enchant weapon
 s - 2 scrolls of amnesia
 v - 2 scrolls of summoning
 y - 3 scrolls of silence
 A - 4 scrolls of magic mapping
 G - 5 scrolls of identify
 J - 2 scrolls of immolation
 N - 2 scrolls of vulnerability
 O - a scroll of blinking
Potions
 b - a potion of flight
 c - 2 potions of ambrosia
 n - 2 potions of might
 t - 2 potions of cancellation
 z - a potion of attraction
 E - 2 potions of degeneration
 K - a potion of resistance
 Q - 2 potions of curing
Miscellaneous
 M - a piece from Xom's chessboard (15/15)


   Skills:
 + Level 11.1 Fighting
 + Level 9.0 Short Blades
 + Level 11.1 Long Blades
 + Level 9.0 Axes
 + Level 9.0 Maces & Flails
 + Level 9.0 Polearms
 + Level 9.0 Staves
 + Level 9.0 Ranged Weapons
 + Level 9.0 Throwing
 + Level 9.0 Armour
 + Level 11.1 Dodging
 + Level 12.9 Stealth
 + Level 9.0 Shields
 + Level 9.0 Unarmed Combat
 + Level 9.0 Spellcasting
 + Level 7.5 Conjurations
 + Level 7.5 Hexes
 + Level 7.5 Summonings
 + Level 7.5 Necromancy
 + Level 7.5 Translocations
 + Level 7.5 Transmutations
 + Level 7.5 Fire Magic
 + Level 7.5 Ice Magic
 + Level 7.5 Air Magic
 + Level 7.5 Earth Magic
 + Level 7.5 Poison Magic
 + Level 9.9 Invocations
 + Level 9.0 Evocations


You had 6 spell levels left.
You knew the following spells:

 Your Spells              Type           Power      Damage    Failure   Level
a - Slow                  Hex            100%       N/A       1%          1
b - Shock                 Conj/Air       100%       1d9       1%          1
c - Confusing Touch       Hex            52%        N/A       2%          3
d - Gell's Gravitas       Tloc           52%        N/A       2%          3
e - Lesser Beckoning      Tloc           52%        N/A       2%          3
f - Teleport Other        Tloc           52%        N/A       2%          3
g - Vampiric Draining     Necr           52%        2d9       2%          3
h - Necrotise             Necr           100%       1d9       1%          1
i - Static Discharge      Conj/Air       100%       3-10/arc  1%          2
j - Freeze                Ice            100%       1d11      1%          1
k - Frozen Ramparts       Ice            100%       1d16      2%          3

Your spell library contained the following spells:

 Spells                   Type           Power      Damage    Failure   Level
 Sublimation of Blood     Necr           52%        N/A       1%          2
 Dispel Undead            Necr           52%        3d19      9%          4
 Hailstorm                Conj/Ice       52%        3d12      9%          4
 Petrify                  Tmut/Erth      52%        N/A       9%          4
 Sticky Flame             Conj/Fire      52%        2d7       9%          4
 Agony                    Necr           52%        N/A       26%         5
 Fireball                 Conj/Fire      26%        3d12      26%         5
 Irradiate                Conj/Tmut      26%        3d20      26%         5
 Iskenderun's Battlesphe  Conj           52%        2d10      26%         5
 Conjure Ball Lightning   Conj/Air       26%        3x3d7     80%         6
 Statue Form              Tmut/Erth      34%        N/A       80%         6
 Orb of Destruction       Conj           26%        9d9       100%        7
 Spellforged Servitor     Conj/Summ      26%        N/A       100%        7
 Maxwell's Capacitive Co  Air            26%        ∞         100%        8


Dungeon Overview and Level Annotations

Branches:
Dungeon (12/15)            Temple (1/1) D:4            Lair (3/5) D:9
 Shoals (0/4) Lair:2       Spider (0/4) Lair:3          Orc (0/2) D:9
 Bailey (visited)           IceCv (visited)

Altars:
Ashenzari
Cheibriados
Dithmenos
Elyvilon
Fedhas
Gozag
Hepliaklqana
Kikubaaqudgha
Makhleb
Nemelex Xobeh
Okawaru
Qazlal
Ru
Sif Muna
Trog
Uskayaw
Vehumet
Wu Jian
Xom
Yredelemnul
Zin
The Shining One

Shops:
D:1 ?   D:2 *   D:3 [   D:6 ([   D:8 (

Annotations:
D:10 exclusion: ice statue


Innate Abilities, Weirdness & Mutations

Your life essence is reduced to manifest your ancestor. (-10% HP)
You have very sharp teeth.
Your uncanny sense of smell can sniff out nearby items.
Your experience applies equally to all skills.


Message History

Zailo barely misses the yak.
The yak gores you! x2; Zailo blocks the yak's attack.
The catoblepas breathes a plume of calcifying dust at you.
The blast of calcifying dust hits you.
Zailo barely misses the yak.
You are engulfed in calcifying dust.
The yak gores you but does no damage. x2
The yak gores Zailo but does no damage.
The catoblepas breathes a plume of calcifying dust at you.
The blast of calcifying dust hits you but does no damage.
Zailo hits the yak but does no damage.
You are engulfed in calcifying dust.
The yak gores you but does no damage. x2
The yak gores Zailo but does no damage.
The catoblepas gores you!
* * * LOW HITPOINT WARNING * * *
Zailo hits the yak with a +0 flail!
You are engulfed in calcifying dust.
The yak gores you.
* * * LOW HITPOINT WARNING * * *
The yak barely misses you.
The yak closely misses Zailo.
The catoblepas gores you!!
* * * LOW HITPOINT WARNING * * *
Zailo hits the yak with a +0 flail!
You are engulfed in calcifying dust.
The yak is no longer petrified.
The yak gores you.
* * * LOW HITPOINT WARNING * * *
The yak gores you. x2
* * * LOW HITPOINT WARNING * * *
Zailo blocks the yak's attack.
The catoblepas gores you!
* * * LOW HITPOINT WARNING * * *
Zailo hits the yak with a +0 flail!
The yak dies!
You turn to flesh and can move again.
You feel much better. The yak completely misses you. The yak gores you.
* * * LOW HITPOINT WARNING * * *
The yak gores you!
* * * LOW HITPOINT WARNING * * *
The catoblepas breathes a plume of calcifying dust at you.
The blast of calcifying dust hits you but does no damage.
Zailo closely misses the yak.
You feel better.
You are engulfed in calcifying dust.
You are slowing down.
You block the yak's attack. x2; The yak gores you!
You die...

#+# ### ### ####.#####
###..##.# ###..#..##.##
........####.....>.....#
......Y.##P§............
......Y@#§§+...........P
......YYR..#............
.......†##..............
........###.............
.##...### ##............
..### ####.#.+.#.#^ #.+
####..###. .. #P.# #.
##....^


You could see the friendly Zailo the knight, a catoblepas and 3 yaks.

Vanquished Creatures
  Gastronok (Lair:3)
  A frost giant (IceCv)
  Josephine (D:11)
  A hydra (Lair:1)
  A catoblepas (Lair:3)
  3 two-headed ogres
  A boulder beetle (Lair:3)
  7 death yaks (IceCv)
  A cyclops (D:11)
  A manticore (D:11)
  A torpor snail (Lair:1)
  3 cane toads
  2 komodo dragons
  5 rime drakes
  A troll (D:11)
  2 hornets (D:7)
  8 blink frogs
  3 wraiths (D:11)
  A human (Bailey)
  18 yaks
  Grum (Lair:1)
  2 steam dragons
  A wyvern (D:10)
  A basilisk (Lair:3)
  2 water moccasins
  2 orc warriors
  A black bear (D:6)
  15 wolves
  An ogre (D:6)
  4 centaurs
  5 bullfrogs
  3 necrophages
  2 scorpions
  Dowan (D:7)
  5 killer bees (D:9)
  3 howler monkeys
  4 hounds
  A jelly (D:5)
  2 orc priests (D:11)
  2 iguanas
  4 orc wizards
  Terence (D:2)
  10 gnolls
  2 adders
  2 shadow imps (D:4)
  3 white imps
  2 worms
  A dart slug (D:1)
  17 orcs
  3 bats (D:1)
  An endoplasm (D:1)
  2 giant cockroaches
  8 goblins
  8 hobgoblins
  3 jackals
  5 kobolds
  6 ball pythons
  7 rats
  A butterfly (D:10)
206 creatures vanquished.

Vanquished Creatures (collateral kills)
  Harold (D:9)
  A hydra (Lair:1)
  A two-headed ogre (D:11)
  2 death yaks (IceCv)
  Nergalle (D:10)
  Pikel (D:6)
  An ugly thing (D:11)
  A black mamba (Lair:1)
  3 rime drakes (IceCv)
  A komodo dragon (Lair:1)
  4 polar bears (IceCv)
  4 blink frogs
  Sigmund (D:2)
  A human (Bailey)
  3 wraiths (D:11)
  16 yaks
  Edmund (D:6)
  2 water moccasins
  Duvessa (D:7)
  2 orc warriors
  A black bear (Lair:2)
  A wolf (Lair:1)
  4 centaurs
  An ogre (D:4)
  A phantom (D:7)
  A kobold brigand (D:9)
  Blork the orc (D:6)
  A gnoll sergeant (D:9)
  10 bullfrogs
  A scorpion (D:4)
  7 killer bees (D:9)
  A howler monkey (D:7)
  A hound (D:4)
  A jelly (D:3)
  A gnoll bouda (D:6)
  5 orc wizards
  10 gnolls
  3 adders
  A shadow imp (D:7)
  2 white imps (D:4)
  An ufetubus (D:3)
  A worm (D:4)
  2 dart slugs (D:3)
  10 orcs
  2 bats (D:2)
  A giant cockroach (D:4)
  3 goblins
  2 hobgoblins
  8 jackals (D:3)
  5 kobolds
  A quokka (D:2)
  3 ball pythons
  A butterfly (D:10)
142 creatures vanquished.

Vanquished Creatures (others)
  Sonja (Lair:2)
  5 knights
  16 fungi
  10 plants
32 creatures vanquished.

Grand Total: 380 creatures vanquished

Notes
Turn   | Place    | Note
-------+----------+-------------------------------------------
     0 | D:1      | NinjaNoafa the Gnoll Monk began the quest for the Orb.
     0 | D:1      | Reached XP level 1. HP: 23/23 MP: 1/1
   272 | D:1      | Found a faded altar of an unknown god.
   307 | D:1      | Reached XP level 2. HP: 25/29 MP: 2/2
   343 | D:1      | Prayed at the altar of an unknown god.
   343 | D:1      | Became a worshipper of Hepliaklqana the Forgotten
   343 | D:1      | Reached * piety under Hepliaklqana
   343 | D:1      | Reached ** piety under Hepliaklqana
   344 | D:1      | Remembered your ancestor Zailo as a knight
   556 | D:1      | Reached *** piety under Hepliaklqana
   632 | D:1      | Found Osazewk's Magic Scroll Shop.
   662 | D:1      | Bought a scroll of identify for 28 gold pieces
  1064 | D:2      | Reached XP level 3. HP: 31/31 MP: 3/3
  1071 | D:2      | Reached skill level 1 in Invocations
  1225 | D:2      | Reached skill level 1 in Short Blades
  1225 | D:2      | Reached skill level 1 in Axes
  1225 | D:2      | Reached skill level 1 in Maces & Flails
  1225 | D:2      | Reached skill level 1 in Polearms
  1225 | D:2      | Reached skill level 1 in Staves
  1225 | D:2      | Reached skill level 1 in Ranged Weapons
  1225 | D:2      | Reached skill level 1 in Throwing
  1225 | D:2      | Reached skill level 1 in Armour
  1225 | D:2      | Reached skill level 1 in Shields
  1225 | D:2      | Reached skill level 1 in Unarmed Combat
  1225 | D:2      | Reached skill level 1 in Spellcasting
  1225 | D:2      | Reached skill level 1 in Evocations
  1256 | D:2      | Noticed Sigmund
  1256 | D:2      | Noticed Terence
  1273 | D:2      | Killed Terence
  1274 | D:2      | Reached XP level 4. HP: 8/36 MP: 5/5
  1283 | D:2      | Killed Sigmund
  1284 | D:2      | Reached skill level 1 in Conjurations
  1284 | D:2      | Reached skill level 1 in Hexes
  1284 | D:2      | Reached skill level 1 in Summonings
  1284 | D:2      | Reached skill level 1 in Necromancy
  1284 | D:2      | Reached skill level 1 in Translocations
  1284 | D:2      | Reached skill level 1 in Transmutations
  1284 | D:2      | Reached skill level 1 in Fire Magic
  1284 | D:2      | Reached skill level 1 in Ice Magic
  1284 | D:2      | Reached skill level 1 in Air Magic
  1284 | D:2      | Reached skill level 1 in Earth Magic
  1284 | D:2      | Reached skill level 1 in Poison Magic
  1284 | D:2      | Reached XP level 5. HP: 42/42 MP: 5/7
  1288 | D:2      | Reached XP level 6. HP: 47/47 MP: 5/8
  1507 | D:2      | Found Efou's General Store.
  1914 | D:3      | Found Pywkif's Antique Armour Shop.
  2033 | D:3      | You fall into a shaft and drop 3 floors!
  2045 | D:6      | Noticed a water moccasin
  2115 | D:5      | Entered Level 5 of the Dungeon
  2345 | D:4      | Found a shimmering blue altar of Sif Muna.
  2384 | D:4      | Reached XP level 7. HP: 41/54 MP: 10/10
  2387 | D:4      | Learned a level 1 spell: Slow
  2579 | D:4      | Found a staircase to the Ecumenical Temple.
  2592 | Temple   | Entered the Ecumenical Temple
  2695 | D:4      | Found a burning altar of Makhleb.
  2792 | D:4      | Found a bloodstained altar of Trog.
  2793 | D:4      | Found a radiant altar of Vehumet.
  2814 | D:4      | Reached skill level 5 in Stealth
  3417 | D:4      | Reached **** piety under Hepliaklqana
  3588 | D:4      | Reached XP level 8. HP: 60/60 MP: 12/12
  4047 | D:3      | Identified the +7 dagger "Lirr" {chaos, Int+7}
  5131 | D:3      | Bought a glowing cloak for 172 gold pieces
  5414 | D:5      | Got Oveczido's Commentary on Geology and Damage Dealing
  5564 | D:5      | Learned a level 1 spell: Shock
  5853 | D:6      | Found Lalu's Antique Weapon Emporium.
  5879 | D:6      | Reached skill level 6 in Stealth
  5885 | D:6      | Reached XP level 9. HP: 44/65 MP: 0/14
  6281 | D:6      | Noticed Edmund
  6294 | D:6      | Killed Edmund
  6827 | D:6      | Noticed Blork the orc
  6836 | D:6      | Killed Blork the orc
  6861 | D:6      | Found Vyajoiz's Armour Emporium.
  6938 | D:6      | Noticed Pikel
  6946 | D:6      | Killed Pikel
  6947 | D:6      | Reached skill level 7 in Stealth
  6947 | D:6      | Reached skill level 5 in Invocations
  7010 | D:6      | Learned a level 3 spell: Confusing Touch
  7014 | D:6      | Learned a level 3 spell: Gell's Gravitas
  7018 | D:6      | Learned a level 3 spell: Lesser Beckoning
  7022 | D:6      | Learned a level 3 spell: Teleport Other
  7026 | D:6      | Learned a level 3 spell: Vampiric Draining
  7326 | D:7      | Noticed a hornet
  7337 | D:7      | Killed a hornet
  7549 | D:7      | Reached skill level 5 in Short Blades
  7549 | D:7      | Reached skill level 5 in Axes
  7549 | D:7      | Reached skill level 5 in Maces & Flails
  7549 | D:7      | Reached skill level 5 in Polearms
  7549 | D:7      | Reached skill level 5 in Staves
  7549 | D:7      | Reached skill level 5 in Ranged Weapons
  7549 | D:7      | Reached skill level 5 in Throwing
  7549 | D:7      | Reached skill level 5 in Armour
  7549 | D:7      | Reached skill level 5 in Shields
  7549 | D:7      | Reached skill level 5 in Unarmed Combat
  7549 | D:7      | Reached skill level 5 in Spellcasting
  7549 | D:7      | Reached skill level 5 in Evocations
  7549 | D:7      | Reached XP level 10. HP: 56/72 MP: 4/17
  7753 | D:7      | Identified the +8 quarterstaff of Ashenzari's Esteem
                  | {flame, rF+ Int+2}
  7856 | D:7      | Found a sacrificial altar of Ru.
  7904 | D:7      | Reached ***** piety under Hepliaklqana
  8168 | D:7      | Found an opulent altar of Gozag.
  8281 | D:3      | Bought a twisted helmet for 218 gold pieces
  8281 | D:3      | Identified the +1 helmet of Gozag's Regard {Fly rPois} (You
                  | bought it in a shop on level 3 of the Dungeon)
  8403 | D:7      | Noticed Duvessa
  8404 | D:7      | Noticed Dowan
  8409 | D:7      | Killed Dowan
  8421 | D:7      | Killed Duvessa
  8756 | D:8      | Found Moff's Weapon Boutique.
  8784 | D:8      | Found a flagged portal.
  8797 | D:8      | Reached skill level 8 in Stealth
  8819 | Bailey   | Entered a bailey
  9126 | Bailey   | Noticed a vault guard
  9136 | Bailey   | Noticed Prince Ribbit
  9136 | Bailey   | Noticed a vault guard
  9145 | Bailey   | HP: 1/73 [vault guard/+0 broad axe (16)]
 10321 | D:9      | Found a staircase to the Lair.
 10397 | D:9      | Noticed a two-headed ogre
 10405 | D:9      | Killed a two-headed ogre
 10729 | D:9      | Found a staircase to the Orcish Mines.
 10754 | D:9      | Reached skill level 9 in Stealth
 10754 | D:9      | Reached skill level 5 in Conjurations
 10754 | D:9      | Reached skill level 5 in Hexes
 10754 | D:9      | Reached skill level 5 in Summonings
 10754 | D:9      | Reached skill level 5 in Necromancy
 10754 | D:9      | Reached skill level 5 in Translocations
 10754 | D:9      | Reached skill level 5 in Transmutations
 10754 | D:9      | Reached skill level 5 in Fire Magic
 10754 | D:9      | Reached skill level 5 in Ice Magic
 10754 | D:9      | Reached skill level 5 in Air Magic
 10754 | D:9      | Reached skill level 5 in Earth Magic
 10754 | D:9      | Reached skill level 5 in Poison Magic
 10881 | D:9      | Reached XP level 11. HP: 71/80 MP: 20/20
 11182 | D:9      | Noticed Harold
 11197 | D:9      | Killed Harold
 11590 | D:10     | Entered Level 10 of the Dungeon
 11590 | D:10     | Noticed Nergalle
 11596 | D:10     | Killed Nergalle
 11871 | D:10     | Found a shimmering altar of Xom.
 11921 | D:10     | Noticed a two-headed ogre
 11930 | D:10     | Killed a two-headed ogre
 12464 | D:10     | Got the Lessons on Vapour
 12532 | D:11     | Noticed a two-headed ogre
 12542 | D:11     | Killed a two-headed ogre
 12645 | D:11     | Learned a level 1 spell: Necrotise
 12697 | D:11     | Noticed a cyclops
 12705 | D:11     | Killed a cyclops
 12706 | D:11     | Reached skill level 10 in Stealth
 12741 | D:11     | Noticed a two-headed ogre
 12754 | D:11     | Killed a two-headed ogre
 12900 | D:11     | Found a gate leading to a gauntlet.
 13271 | D:11     | Noticed a brown ugly thing
 13280 | D:11     | Killed a brown ugly thing
 13388 | D:11     | Noticed a manticore
 13404 | D:11     | Killed a manticore
 13609 | D:11     | Reached XP level 12. HP: 85/87 MP: 22/22
 13655 | D:11     | Noticed Josephine
 13668 | D:11     | Killed Josephine
 13954 | Lair:1   | Entered Level 1 of the Lair of Beasts
 13995 | Lair:1   | Learned a level 2 spell: Static Discharge
 14019 | Lair:1   | Found a hide-covered altar of Uskayaw.
 14309 | Lair:1   | Noticed a five-headed hydra
 14316 | Lair:1   | Noticed a six-headed hydra
 14737 | Lair:1   | Killed a five-headed hydra
 14830 | Lair:1   | Reached skill level 10 in Fighting
 14830 | Lair:1   | Reached skill level 10 in Long Blades
 14830 | Lair:1   | Reached skill level 10 in Dodging
 14946 | Lair:1   | Noticed Grum
 14956 | Lair:1   | Killed Grum
 14966 | Lair:1   | Noticed a five-headed hydra
 14974 | Lair:1   | Killed a five-headed hydra
 14975 | Lair:1   | Reached skill level 11 in Stealth
 15394 | Lair:2   | Noticed Sonja
 15403 | Lair:2   | Killed Sonja
 15516 | Lair:2   | Found a frozen archway.
 15530 | IceCv    | Entered an ice cave
 15583 | IceCv    | Noticed a death yak
 15594 | IceCv    | Killed a death yak
 15740 | IceCv    | Noticed a death yak
 15746 | IceCv    | Noticed a death yak
 15747 | IceCv    | Noticed a death yak
 15755 | IceCv    | Killed a death yak
 15759 | IceCv    | Killed a death yak
 15760 | IceCv    | Reached XP level 13. HP: 89/93 MP: 25/25
 15858 | IceCv    | Noticed a frost giant
 16235 | IceCv    | Killed a frost giant
 16236 | IceCv    | Reached skill level 12 in Stealth
 17938 | D:2      | Bought a book of Frost for 264 gold pieces
 17938 | D:2      | Bought a scroll of blinking for 90 gold pieces
 17938 | D:2      | Bought a scroll of teleportation for 36 gold pieces
 17944 | D:2      | Learned a level 1 spell: Freeze
 17948 | D:2      | Learned a level 3 spell: Frozen Ramparts
 18377 | Lair:2   | Found a staircase to the Shoals.
 19264 | Lair:3   | Noticed Gastronok
 19274 | Lair:3   | Killed Gastronok
 19390 | Lair:3   | Found a hide-covered altar of Uskayaw.
 19390 | Lair:3   | Found an ornate altar of the Wu Jian Council.
 19470 | Lair:3   | Found a hole to the Spider Nest.
 19523 | Lair:3   | HP: 1/95 [catoblepas (5)]
 19525 | Lair:3   | Slain by a yak

Illustrated notes

Levels and vault maps discovered:
D:1:      evilmike_arrival_rings, layout_basic, serial_shops, shop,
          hellmonk_ecumenical_altar_lost_god
D:2:      layout_rooms, serial_shops, shop_statue, chequers_garden,
          minmay_misc_feat_encased, eino_curves_01, uniq_sigmund, uniq_terence
D:3:      layout_loops_corners, serial_shops, nicolae_diamond_shop
D:4:      minmay_chambers_of_fours, layout_basic,
          mainiacjoe_overflow_tiny_flanked, grunt_temple_overflow_open,
          minmay_temple_entry_crystal_x, serial_demonic, serial_demonic_f,
          serial_demonic_c, serial_demonic_d, serial_demonic_c, st_stairs_8,
          grunt_decor_arrowhead
D:5:      layout_gridville, lemuel_flamethrower_2
D:6:      layout_basic, serial_shops, nicolae_shop_window_shopping, shop,
          kennysheep_generic_room_3, uniq_blork_the_orc, uniq_edmund, uniq_pikel
D:7:      layout_basic, mainiacjoe_overflow_six_doors_small,
          nicolae_ru_great_annihilating_truth, grunt_decor_one_mirror,
          uniq_duvessa
D:8:      layout_loops_ring, serial_shops, shop, enter_bailey_5
D:9:      layout_grid_maze, lair_entry_dummy, uniq_prince_ribbit1, uniq_harold
D:10:     layout_loops_ring, xom_butterflies, minmay_statue_bubble,
          uniq_nergalle
D:11:     layout_basic, gauntlet_entry_generic, uniq_josephine
D:12:     layout_loops_ring, hive_lemuel
Temple:   minmay_freezing_vapour_temple
Lair:1:   layout_regular_city, basic_altar, hangedman_lair_generics_rect,
          uniq_grum
Lair:2:   layout_loops_ring, elwin_shoals_entry_rocks,
          portal_ice_cave_entry_pillars_1, uniq_sonja
Lair:3:   layout_roguey, spider_nest_entry_web_field, minivault_19,
          nzn_masters_of_martial_movement, uniq_gastronok

Skill      XL: |  1  2  3  4  5  6  7  8  9 10 11 12 13 |
---------------+----------------------------------------+-----
Invocations    | 1 2 3 4 5 6 7 8 9 |  9.9
Short Blades   | 1 2 3 5 6 7 8 9 |  9.0
Axes           | 1 2 3 5 6 7 8 9 |  9.0
Maces & Flails | 1 2 3 5 6 7 8 9 |  9.0
Polearms       | 1 2 3 5 6 7 8 9 |  9.0
Staves         | 1 2 3 5 6 7 8 9 |  9.0
Ranged Weapons | 1 2 3 5 6 7 8 9 |  9.0
Throwing       | 1 2 3 5 6 7 8 9 |  9.0
Armour         | 1 2 3 5 6 7 8 9 |  9.0
Shields        | 1 2 3 5 6 7 8 9 |  9.0
Unarmed Combat | 1 2 3 5 6 7 8 9 |  9.0
Spellcasting   | 1 2 3 5 6 7 8 9 |  9.0
Evocations     | 1 2 3 5 6 7 8 9 |  9.0
Conjurations   | 1 2 3 4 5 6 7 |  7.5
Hexes          | 1 2 3 4 5 6 7 |  7.5
Summonings     | 1 2 3 4 5 6 7 |  7.5
Necromancy     | 1 2 3 4 5 6 7 |  7.5
Translocations | 1 2 3 4 5 6 7 |  7.5
Transmutations | 1 2 3 4 5 6 7 |  7.5
Fire Magic     | 1 2 3 4 5 6 7 |  7.5
Ice Magic      | 1 2 3 4 5 6 7 |  7.5
Air Magic      | 1 2 3 4 5 6 7 |  7.5
Earth Magic    | 1 2 3 4 5 6 7 |  7.5
Poison Magic   | 1 2 3 4 5 6 7 |  7.5
Fighting       | 7 8 9 10 11 | 11.1
Long Blades    | 7 8 9 10 11 | 11.1
Dodging        | 7 8 9 10 11 | 11.1
Stealth        | 5 6 7 9 10 11 12 | 12.9

Action                   |  1- 3 |  4- 6 |  7- 9 | 10-12 | 13-15 || total
-------------------------+-------+-------+-------+-------+-------++-------
Melee: Falchion          |    40 |    42 |    64 |       |       ||   146
       Bite              |     2 |     5 |    14 |    31 |    23 ||    75
       Dagger            |    38 |     2 |    57 |   200 |   122 ||   419
       Staff             |       |    18 |       |       |       ||    18
       Punch             |       |     1 |     3 |     4 |       ||     8
Throw: Boomerang         |       |     6 |     6 |       |       ||    12
 Cast: Slow              |       |       |     5 |     2 |     6 ||    13
       Shock             |       |       |    54 |   230 |    46 ||   330
       Teleport Other    |       |       |     1 |     3 |     1 ||     5
       Lesser Beckoning  |       |       |     1 |     3 |       ||     4
       Vampiric Draining |       |       |     1 |     4 |     3 ||     8
       Confusing Touch   |       |       |       |    11 |     2 ||    13
       Gell's Gravitas   |       |       |       |     9 |     4 ||    13
       Necrotise         |       |       |       |    30 |     3 ||    33
       Static Discharge  |       |       |       |    21 |    29 ||    50
       Freeze            |       |       |       |       |     6 ||     6
       Frozen Ramparts   |       |       |       |       |     3 ||     3
Invok: Ancestor Identity |     1 |       |       |     1 |       ||     2
       Ancestor Life: Kn |     1 |       |       |       |       ||     1
       Recall Ancestor   |       |       |     1 |     4 |       ||     5
       Transference      |       |       |     1 |     1 |     1 ||     3
       Idealise          |       |       |       |     3 |       ||     3
Evoke: Wand              |       |       |     2 |     6 |     4 ||    12
       Piece from Xom's  |       |       |       |     3 |     2 ||     5
  Use: Scroll            |     5 |     3 |     9 |     9 |     4 ||    30
       Potion            |     3 |     4 |     4 |     9 |     4 ||    24
 Stab: Sleeping          |     6 |     2 |     5 |     2 |     4 ||    19
       Distracted        |       |       |     1 |     2 |     2 ||     5
       Confused          |       |       |       |     6 |       ||     6
       Paralysed         |       |       |       |     2 |     3 ||     5
       Invisible         |       |       |       |     1 |       ||     1
       Petrified         |       |       |       |       |     1 ||     1
Armor: Robe              |    23 |    14 |    27 |    64 |    51 ||   179
       Skin              |       |     2 |       |       |       ||     2
Dodge: Dodged            |    73 |    64 |   134 |   218 |    74 ||   563
Block: Other             |       |       |     9 |    32 |       ||    41
       Reflection        |       |       |       |     8 |     2 ||    10
       Kite shield       |       |       |       |   174 |   128 ||   302

Table legend: (Time is in decaauts)
 A = Elapsed time spent in this place.
 B = Non-inter-level travel time spent in this place.
 C = Inter-level travel time spent in this place.
 D = Time resting spent in this place.
 E = Time spent auto-exploring this place.
 F = Levels seen in this place.
 G = Mean time per level.
                   A        B        C        D        E       F      G
               +--------+--------+--------+--------+--------+-----+--------+
         Total |  19453 |  17700 |   1753 |    570 |  13806 |  18 | 1080.7 |
       Dungeon |  14218 |  12650 |   1568 |    386 |  10001 |  12 | 1184.8 |
        Temple |     24 |     20 |      4 |      0 |     11 |   1 |   24.0 |
          Lair |   2712 |   2532 |    180 |      0 |   1967 |   3 |  904.0 |
        Bailey |    349 |    349 |      0 |      0 |    233 |   1 |  349.0 |
      Ice Cave |   2146 |   2146 |      0 |    184 |   1594 |   1 | 2146.0 |
               +--------+--------+--------+--------+--------+-----+--------+

Top non-repeatable levels by time:
   IceCv: 2146 daAuts
     D:9: 1831 daAuts
     D:4: 1802 daAuts
    D:11: 1423 daAuts
     D:6: 1422 daAuts
     D:3: 1340 daAuts
     D:7: 1319 daAuts
  Lair:1: 1151 daAuts
  Lair:2: 1099 daAuts
     D:8: 1079 daAuts
     D:1: 1066 daAuts
     D:5: 1051 daAuts
    D:10: 948 daAuts
     D:2: 925 daAuts
  Lair:3: 462 daAuts
